[Event "*** SCC Grand Prix: Titled Tuesday Blitz"]
[Site "Chess.com"]
[Date "2020.06.09"]
[Round "4"]
[White "Firouzja2003"]
[Black "obliviate12"]
[Result "1-0"]
[WhiteElo "3134"]
[BlackElo "2809"]
[TimeControl "180+1"]
[EndTime "9:39:59 PDT"]
[Termination "Firouzja2003 won by resignation"]

1. e4 c6 2. d4 d5 3. e5 c5 4.
Nf3 Nc6 5. dxc5 e6 6. Be3 Nge7 7. Bd3 Ng6 8. Bxg6 hxg6 9. c3 Qc7 10. Bd4 Nxd4 11. cxd4 b6 12. cxb6 Qxb6 13. O-O Bd7 14.
Qd2 Be7 15. Nc3 a5 16. b3 O-O 17. Ne2 a4 18. bxa4 Rxa4 19. h4 Rfa8 20. Ng3 Qa5 21.
Qf4 Rxa2 22. Rxa2 Qxa2 23. h5 gxh5 24. Nxh5 Qc2 25. Nf6+ gxf6 26. exf6 Bf8 27. Ne5 Be8 28. Re1 Ra3 29. Qg5+ Kh8 30. Rc1 Qh7 31. g3 Bh6 32. Nxf7+ Bxf7 33. Rc8+ Bg8 34. Rxg8+ Qxg8 35. Qxh6+ Qh7 36.
Qf8+ Qg8 37. Qxa3 Qf7 38. Qe7 1-0

[Event "*** SCC Grand Prix: Titled Tuesday Blitz"]
[Site "Chess.com"]
[Date "2020.06.09"]
[Round "4"]
[White "memer5334"]
[Black "Baby_Shak"]
[Result "1-0"]
[WhiteElo "2229"]
[BlackElo "2550"]
[TimeControl "180+1"]
[EndTime "9:39:59 PDT"]
[Termination "memer5334 won by resignation"]

1. d4 d5 2. c4 Nc6 3. Nf3 Bg4 4. Qb3 Bxf3 5. exf3 Nxd4 6. Qxb7 Rb8 7. Qxa7 Nc2+ 8.
Kd1 Nxa1 9. c5 e5 10. Nc3 Nf6 11. Bb5+ Ke7 12. Re1 Nd7 13. Nxd5+ Ke6 14. Nxc7+ Kf6 15. Nd5+ Kg6 16. Qxd7 Qxd7 17. Bxd7 Bxc5 18. g4 f6 19. f4 Kf7 20. fxe5 fxe5 21. Rxe5 Rhd8 22. Be6+ Kf8 23. Bg5 Bd4 24. Rf5+ Bf6 25. Bxf6 gxf6 26.
Rxf6+ Kg7 27. Rf7+ Kh8 28. b3 Rb6 29. Re7 Rxe6 30.
Rxe6 Rxd5+ 31. Kc1 Rd4 32. Kb2 Rd1 33. b4 Rf1 34. Rf6 Kg7 35. Rf3 Rg1 36. h3 Rd1 37.
b5 Rd5 38. Kxa1 Rxb5 39. a4 Rb4 40. Ra3 Rf4 41. f3 Kf6 42. a5 Rb4 43. a6 Rb8 44.
Ka2 Ra8 45. Ra5 Ra7 46. Ka3 Kg6 47. Ka4 Kg7 48. Kb5 1-0

[Event "*** SCC Grand Prix: Titled Tuesday Blitz"]
[Site "Chess.com"]
[Date "2020.06.09"]
[Round "4"]
[White "MomchilPetkov"]
[Black "Semen_Khanin"]
[Result "0-1"]
[WhiteElo "2534"]
[BlackElo "2737"]
[TimeControl "180+1"]
[EndTime "9:40:00 PDT"]
[Termination "Semen_Khanin won by checkmate"]

1. d4 Nf6 2. c4 e6 3. Nc3 Bb4 4. Bd2 O-O 5. Nf3 c5 6. a3 Bxc3 7. Bxc3 Ne4 8. Rc1 d6 9. g3 b6 10. Bg2 Bb7 11. O-O Qe7 12. Re1 Nd7 13. h4 h6 14. Qd3 f5 15. d5 e5 16. Nd2 Nxc3 17. Qxc3 e4 18. Bh3 Rae8 19. Nf1 Ne5 20. Ne3 Bc8 21. Ng2 g5 22. hxg5 hxg5 23. Ne3 f4 24.
Bxc8 Rxc8 25. Ng2 f3 26. Ne3 Qh7 27. Qc2 fxe2 28. Kg2 Rxf2+ 29. Kxf2 Qh2+ 30. Ng2 Rf8+ 31. Kxe2 Qxg2+ 32. Kd1 Rf2 33. Qc3 Nf3 34. Rc2 Rxc2 35. Qxc2 Qxc2+ 36. Kxc2 Nxe1+ 37. Kd2 Nd3 38. b3 Kf7 39.
Ke3 Kf6 40. Kxe4 Nc1 41. b4 Nb3 42. b5 Nd2+ 43. Kd3 Nxc4 44. Kxc4 Ke5 45. g4 Ke4 46.
Kc3 Kxd5 47. Kb3 Ke4 48. Ka4 d5 49. Kb3 d4 50. Ka4 d3 51. Kb3 Ke3 52. Kc4 d2 53. Kd5 d1=Q+ 54. Kc6 c4 55. Kb7 Qd7+ 56. Ka6 c3 57. a4 c2 58. a5 c1=Q 59. axb6 Qa3# 0-1

[Event "*** SCC Grand Prix: Titled Tuesday Blitz"]
[Site "Chess.com"]
[Date "2020.06.09"]
[Round "4"]
[White "Iball95"]
[Black "Arkady_Gitelson"]
[Result "0-1"]
[WhiteElo "2678"]
[BlackElo "2514"]
[TimeControl "180+1"]
[EndTime "9:40:00 PDT"]
[Termination "Arkady_Gitelson won by checkmate"]

1. d4 Nf6 2. Nc3 d5 3. Bf4 a6 4.
e3 g6 5. h4 h5 6. Nf3 Bg7 7. Ne5 Nbd7 8. Bd3 Nxe5 9. Bxe5 O-O 10. f3 c6 11. Qd2 Be6 12. O-O-O Nd7 13. Bxg7 Kxg7 14. Rdg1 Nf6 15. Ne2 Qd6 16. Nf4 Bd7 17. g4 hxg4 18. h5 g5 19. h6+ Kh8 20. Nh5 Nxh5 21.
Rxh5 Qf6 22. fxg4 e5 23. e4 dxe4 24. Bxe4 exd4 25. Rxg5 Rg8 26. Rg7 Rxg7 27. hxg7+ Kxg7 28. g5 Qe5 29. Qg2 Rh8 30. a3 Qf4+ 31. Kb1 Rh2 32.
Qf1 Qxe4 33. Qf6+ Kg8 34. Rc1 Bf5 35. Ka1 Rxc2 36. Rf1 Rf2 37. Qd8+ Kh7 38. g6+ Bxg6 39. Rd1 d3 40. Qd7 d2 41. Qh3+ Kg7 42. Ka2 Qc4+ 43. Ka1 Qc1+ 44. Ka2 Qxd1 45. Qc3+ f6 46. Qd4 Qb1+ 47.
Kb3 d1=Q+ 48. Kb4 Qxd4+ 49. Ka5 Qc5+ 50. Ka4 Qb5# 0-1

[Event "*** SCC Grand Prix: Titled Tuesday Blitz"]
[Site "Chess.com"]
[Date "2020.06.09"]
[Round "4"]
[White "woodhy"]
[Black "Xeniya2005"]
[Result "1-0"]
[WhiteElo "2459"]
[BlackElo "2305"]
[TimeControl "180+1"]
[EndTime "9:40:00 PDT"]
[Termination "woodhy won on time"]

1. e4 e6 2. d4 d5 3. e5 c5 4. c3 Nc6 5. Be3 Bd7 6. Nf3 Rc8 7. dxc5 Qc7 8. Bd4 Nge7 9. g3 Ng6 10. Qe2 a6 11. Nbd2 Be7 12. Bg2 h6 13. a4 O-O 14.
O-O Rfe8 15. h4 Bf8 16. h5 Nge7 17. g4 Nxd4 18. cxd4 b6 19. b4 bxc5 20. bxc5 Nc6 21. Qxa6 Nb4 22. Qe2 Nc2 23. Ra2 Nb4 24. Rb2 Nc6 25.
Rb6 Ra8 26. Ra1 Nxd4 27. Nxd4 Bxc5 28. Rbb1 Bxd4 29. Rc1 Qa7 30. Rab1 Rec8 31. Rxc8+ Rxc8 32. Nb3 Bxa4 33. Nxd4 Qxd4 34. Qa6 Rc2 35. Rf1 Bb3 36. Qa8+ Kh7 37. Qf8 Qa7 38. Qb4 Bc4 39. Qb1 Qa2 40.
Qxa2 Rxa2 41. Re1 d4 42. Be4+ Kg8 43. Rd1 1-0

[Event "*** SCC Grand Prix: Titled Tuesday Blitz"]
[Site "Chess.com"]
[Date "2020.06.09"]
[Round "4"]
[White "bascheyaro"]
[Black "Hikaru"]
[Result "0-1"]
[WhiteElo "2744"]
[BlackElo "3235"]
[TimeControl "180+1"]
[EndTime "9:40:01 PDT"]
[Termination "Hikaru won on time"]

1. d4 Nf6 2. c4 b6 3. Nf3 Bb7 4.
g3 Bxf3 5. exf3 c6 6. Nc3 e6 7.
Be3 d5 8. b3 Bb4 9. Qd2 O-O 10.
a3 Bd6 11. h4 Nbd7 12. h5 e5 13. cxd5 exd4 14. Bxd4 cxd5 15. Bd3 Nc5 16. Bc2 Ne6 17. Kf1 Re8 18. Rd1 Rc8 19. Ne2 Nxd4 20. Nxd4 Bxa3 21.
Nf5 Bf8 22. Bb1 d4 23. Qg5 Rc7 24. Rxd4 Qc8 25. Nxg7 h6 26. Nxe8+ hxg5 27. Nxf6+ Kg7 28. h6+ Kxf6 29. Kg2 Rc1 30. Rxc1 Qxc1 31. h7 Bg7 32. Be4 Qc3 33. Rd8 Ke7 34. Ra8 a5 35. Ra7+ Ke6 36. g4 Bd4 37. Bf5+ Kd6 38. Rd7+ Kc6 39. Rd8 Qb2 40. Kh3 Kb5 41. Bd3+ Kb4 42. Be2 Bf6 43. Rd6 Kc5 0-1

[Event "*** SCC Grand Prix: Titled Tuesday Blitz"]
[Site "Chess.com"]
[Date "2020.06.09"]
[Round "4"]
[White "olksuna"]
[Black "manmanlai1"]
[Result "1-0"]
[WhiteElo "2617"]
[BlackElo "2387"]
[TimeControl "180+1"]
[EndTime "9:40:01 PDT"]
[Termination "olksuna won by resignation"]

1. c4 e6 2. Nc3 d5 3. e3 Nf6 4. Nf3 Be7 5. b3 O-O 6. Bb2 b6 7.
d4 Bb7 8. Bd3 Nbd7 9. O-O a6 10.
a4 Bb4 11. Qe2 Ne4 12. Rac1 Nxc3 13. Bxc3 Bxc3 14. Rxc3 c5 15. cxd5 Bxd5 16. Rfc1 Bxf3 17. Qxf3 cxd4 18. exd4 Nf6 19. Rc4 Qd6 20. h3 Rfd8 21.
Qxa8 Rxa8 22. Rc8+ Rxc8 23. Rxc8+ Qf8 24. Rxf8+ Kxf8 25. Bxa6 Ke7 26. Kf1 Nd5 27. Bc4 Nb4 28.
Ke2 Kd6 29. Kd2 f6 30. f4 h6 31. h4 g5 32. g3 gxh4 33. gxh4 Na2 34. Kc2 Nb4+ 35.
Kb2 Nc6 36. Kc3 Ne7 37. h5 Nf5 38. Be2 Kc6 39. Bf3+ Kc7 40. b4 Ne7 41. a5 Nd5+ 42. Bxd5 exd5 43. axb6+ Kxb6 44. Kb3 Kb5 45. f5 Ka6 46.
Ka4 Kb6 47. b5 1-0

[Event "*** SCC Grand Prix: Titled Tuesday Blitz"]
[Site "Chess.com"]
[Date "2020.06.09"]
[Round "4"]
[White "topotun"]
[Black "yobdc"]
[Result "1-0"]
[WhiteElo "2607"]
[BlackElo "2234"]
[TimeControl "180+1"]
[EndTime "9:40:01 PDT"]
[Termination "topotun won by resignation"]

1. e4 e5 2. Nf3 Nc6 3. Bb5 a6 4. Ba4 Nf6 5. Qe2 d6 6. c3 Be7 7.
O-O O-O 8. Rd1 Re8 9. d4 exd4 10.
cxd4 Bf8 11. e5 Bg4 12. h3 Bxf3 13. Qxf3 dxe5 14. dxe5 Nxe5 15. Qxb7 Qc8 16. Qxc8 Rexc8 17. Nc3 Rab8 18. b3 Rd8 19. Bg5 Be7 20. Kf1 Rxd1+ 21.
Rxd1 Rd8 22. Rxd8+ Bxd8 23. Ke2 h6 24. Be3 Kf8 25. Bd4 Ng6 26. g3 Be7 27. Bc6 Ne8 28. Nd5 Nd6 29. a4 Bd8 30. f4 Ne7 31. Nxe7 Bxe7 32.
Kd3 Nf5 33. Bf2 Bb4 34. g4 Ne7 35. Be4 a5 36. Kc4 f5 37. Bxf5 Nxf5 38. gxf5 Kf7 39. Bd4 c6 40. Be5 g6 41. fxg6+ Kxg6 42. Bc3 Bxc3 43. Kxc3 Kf5 44. b4 axb4+ 45. Kxb4 Kxf4 46. a5 Ke5 47. Kc5 h5 48. a6 1-0

[Event "*** SCC Grand Prix: Titled Tuesday Blitz"]
[Site "Chess.com"]
[Date "2020.06.09"]
[Round "4"]
[White "GjakanTati"]
[Black "andriipalchuk"]
[Result "0-1"]
[WhiteElo "2587"]
[BlackElo "2245"]
[TimeControl "180+1"]
[EndTime "9:40:01 PDT"]
[Termination "andriipalchuk won by resignation"]

1. d4 Nf6 2. c4 e6 3. Nf3 b6 4. a3 Bb7 5. Nc3 c5 6. d5 exd5 7. cxd5 g6 8. g3 Bg7 9. Bg2 O-O 10. O-O Re8 11. Nd2 d6 12. a4 Ba6 13. Nb5 Ng4 14.
Nc4 Bxb5 15. axb5 Ne5 16. Nxe5 Bxe5 17. e4 Nd7 18. Qc2 Qc7 19. Be3 c4 20. Ra4 Rec8 21. Bh3 c3 22. bxc3 Rd8 23. Bg5 Re8 24. c4 Nc5 25.
Ra3 Bd4 26. Be3 Rxe4 27. Bxd4 Rxd4 28. Re3 Nb7 29. Rc1 Na5 30. Bf1 Qc5 31. Re7 Rc8 32.
Qc3 Nxc4 33. Qf3 Ne5 34. Rxe5 Qxc1 35. Re7 Rf8 36. Rxa7 Rd1 37. Qe2 Rxd5 38. h4 Re5 39. Qd3 Re1 40. Kg2 Qc5 41. Qd2 Re6 42. Rd7 Rf6 43.
Kg1 Re8 44. Qa2 Re1 45. Kg2 Rc1 46. Qe2 Rc2 47. Qe8+ Kg7 48. Kh3 Qf5+ 49. g4 Qf3+ 50. Kh2 Qxf2+ 0-1

[Event "*** SCC Grand Prix: Titled Tuesday Blitz"]
[Site "Chess.com"]
[Date "2020.06.09"]
[Round "4"]
[White "frankshar"]
[Black "Kimster98"]
[Result "0-1"]
[WhiteElo "2374"]
[BlackElo "2573"]
[TimeControl "180+1"]
[EndTime "9:40:01 PDT"]
[Termination "Kimster98 won by resignation"]

1. d4 Nf6 2. c4 e6 3. Nc3 Bb4 4. e3 O-O 5. Bd3 d5 6. a3 Bxc3+ 7. bxc3 e5 8. cxd5 Qxd5 9. f3 exd4 10. cxd4 c5 11. Ne2 cxd4 12. exd4 Bf5 13. O-O Bxd3 14. Qxd3 Nc6 15. Bb2 Rad8 16. Rad1 Rfe8 17. Nf4 Qd6 18. Qd2 Nd5 19. Nxd5 Qxd5 20. Rfe1 f6 21. Rxe8+ Rxe8 22. Re1 Rxe1+ 23. Qxe1 Kf7 24. Qe3 Ne7 25. Qf4 Qb3 26. Qd2 Nd5 27. h3 b5 28. Kh2 a5 29. Bc1 Qc4 30. Qb2 b4 31. axb4 axb4 32. Bd2 b3 33. Qa3 Qxd4 34. Bc1 Qb6 35. Bb2 Ne3 36. Qa4 Qe6 37.
Qa7+ Kg6 38. Qd4 Nf5 39. Qg4+ Kf7 40. Qh5+ Kg8 41. Qg4 Kf7 42. Qh5+ Kg8 43. Qg4 g6 44. Qa4 Kg7 45. Qa7+ Kh6 46. Bc1+ g5 47. Qc5 Qd6+ 48. Qxd6 Nxd6 49. Bb2 Kg6 50. g4 Nc4 51. Bc3 b2 52.
Bxb2 Nxb2 53. Kg3 Nd3 54. h4 h6 55. h5+ Kf7 56. Kg2 Ke6 57. Kf1 Ke5 58. Ke2 Nf4+ 59. Kf2 Kd4 60. Kg3 Ke3 61. Kh2 Kxf3 0-1

[Event "*** SCC Grand Prix: Titled Tuesday Blitz"]
[Site "Chess.com"]
[Date "2020.06.09"]
[Round "4"]
[White "kleopl"]
[Black "Chessmatus"]
[Result "0-1"]
[WhiteElo "2337"]
[BlackElo "2486"]
[TimeControl "180+1"]
[EndTime "9:40:01 PDT"]
[Termination "Chessmatus won by resignation"]

1. c4 e5 2. Nc3 Nf6 3. Nf3 Nc6 4. e4 Bb4 5. d3 O-O 6. Be2 d6 7. a3 Bxc3+ 8. bxc3 Bd7 9. O-O Rb8 10. Rb1 Na5 11.
Ne1 b5 12. cxb5 Bxb5 13. Be3 c5 14. Qd2 Qe7 15. c4 Bxc4 16. Rxb8 Rxb8 17. Qxa5 Be6 18. h3 Rb2 19. Bd2 h6 20. Nf3 Kh7 21. Re1 Qb7 22.
Bc3 Rb5 23. Qd8 Rb6 24. Nd2 Ra6 25. Rb1 Qc6 26. d4 cxd4 27. Bxa6 dxc3 28. Bb5 Qc5 29. Qa5 cxd2 30. Qxd2 Nxe4 31. Bd3 Bf5 32. Qe2 d5 33. a4 g6 34. Bxe4 Bxe4 35. Rb7 Qc1+ 36.
Kh2 Qf4+ 37. g3 Qf5 38. Rxa7 d4 39. Re7 d3 40. Qe3 d2 41. Qe2 Bd5 42. f4 Qc2 43.
Rd7 d1=Q 0-1

[Event "*** SCC Grand Prix: Titled Tuesday Blitz"]
[Site "Chess.com"]
[Date "2020.06.09"]
[Round "4"]
[White "marianokar"]
[Black "dosto07"]
[Result "0-1"]
[WhiteElo "2394"]
[BlackElo "2133"]
[TimeControl "180+1"]
[EndTime "9:40:01 PDT"]
[Termination "dosto07 won on time"]

1. e4 e5 2. Nf3 Nc6 3. Bb5 a6 4. Ba4 Nf6 5. O-O Be7 6. Re1 b5 7.
Bb3 d6 8. c3 O-O 9. h3 Nb8 10.
d4 Nbd7 11. Nbd2 Bb7 12. Bc2 Re8 13. Nf1 Bf8 14. Ng3 g6 15. a4 c5 16. d5 c4 17. Bg5 Bg7 18. Qd2 Qe7 19. Ra3 Nc5 20.
Rea1 Reb8 21. R1a2 Qf8 22. Be3 Nfd7 23. Nh2 h5 24.
Bg5 Kh7 25. Nf3 f6 26. Be3 Bh6 27. Bxh6 Qxh6 28. Qd1 Nb6 29. axb5 axb5 30. Qa1 Nba4 31. Ne2 g5 32. Qc1 g4 33. Qxh6+ Kxh6 34. Nh4 gxh3 35.
Nf5+ Kh7 36. g3 Rd8 37. Bxa4 bxa4 38. f3 Ba6 39. Kh2 Bb5 40. Kxh3 Nd3 41. Ne3 Ra7 42. Nf5 Rf7 43. Ra1 Rg8 44. Rh1 Nf2+ 0-1

[Event "*** SCC Grand Prix: Titled Tuesday Blitz"]
[Site "Chess.com"]
[Date "2020.06.09"]
[Round "4"]
[White "Kapibara_Warri0r"]
[Black "djano"]
[Result "0-1"]
[WhiteElo "2124"]
[BlackElo "2412"]
[TimeControl "180+1"]
[EndTime "9:40:07 PDT"]
[Termination "djano won on time"]

1. e4 g6 2. d4 Bg7 3. Nc3 d6 4. Be3 a6 5. Qd2 b5 6. h4 h6 7. f3 Bb7 8. g4 Nd7 9. Nge2 Rc8 10. Nf4 e5 11. dxe5 Nxe5 12. Be2 Ne7 13. Ncd5 Nxd5 14. exd5 c5 15. Kf2 Qc7 16. c3 Rb8 17. Nh3 Qe7 18.
Ng1 h5 19. g5 O-O 20. f4 Nc4 21. Bxc4 bxc4 22. Nf3 Qe4 23. Rac1 Qxd5 24. Qxd5 Bxd5 25. Rhd1 Rxb2+ 26. Kg3 Be6 27. Rxd6 Rxa2 28. Ne5 Rc8 29. Nd7 Bxd7 30. Rxd7 Re2 31. Bf2 Ra8 32. Rc7 a5 33. Rxc5 a4 34. Rxc4 a3 35. Ra1 a2 36. Rc7 Bf8 37.
Ra7 Rxa7 38. Bxa7 Ba3 39. Bd4 Rd2 40. Kf3 Kf8 41. Ke3 Rh2 42. Kd3 Ke8 43. Kc4 Bd6 44.
Kb3 Bxf4 45. Rxa2 Rxh4 46. Ra8+ Kd7 47. Bf6 Rh1 48. Ra7+ Ke6 49. Re7+ Kd6 50. Rxf7 h4 51. Rh7 h3 52. Rh6 h2 53. Bd4 Rb1+ 54. Kc4 h1=Q 55. Rxh1 Rxh1 56. Bc5+ Kc6 57. Be7 Rg1 0-1

[Event "*** SCC Grand Prix: Titled Tuesday Blitz"]
[Site "Chess.com"]
[Date "2020.06.09"]
[Round "4"]
[White "BilguunSu"]
[Black "Savva09022009"]
[Result "1-0"]
[WhiteElo "2611"]
[BlackElo "2432"]
[TimeControl "180+1"]
[EndTime "9:40:08 PDT"]
[Termination "BilguunSu won by resignation"]

1. e4 c5 2. Nf3 Nc6 3. Bb5 Nf6 4.
d3 Qa5+ 5. Nc3 Nd4 6. Bc4 b5 7. Bd5 Nxd5 8. exd5 Bb7 9. O-O b4 10. Nxd4 cxd4 11. Ne4 Bxd5 12. Re1 e6 13. Bd2 Be7 14. Qg4 O-O 15. Bh6 g6 16. Bxf8 Rxf8 17. Qf4 Kg7 18. h4 f6 19. Nd2 e5 20. Qg3 d6 21.
Nb3 Qb6 22. a3 bxa3 23. Rxa3 f5 24. Rea1 f4 25. Qg4 Ra8 26. Qd7 Kf7 27. Rxa7 Re8 28. h5 f3 29. g3 Be6 30. Qb7 Qxb7 31. Rxb7 gxh5 32. Raa7 h4 33. Nd2 hxg3 34. fxg3 Bd5 35.
Rb5 Ke6 36. Kf2 Rf8 37. Ne4 h5 38. Rxd5 Kxd5 39. Rxe7 Rb8 40. Rd7 Ke6 41. Rxd6+ Ke7 42. Rd5 Rxb2 43. Rxe5+ Kf7 44. Rc5 Kg6 45. Kxf3 Rb1 46.
Kf4 Kg7 47. Kg5 Rg1 48. Kxh5 1-0

[Event "*** SCC Grand Prix: Titled Tuesday Blitz"]
[Site "Chess.com"]
[Date "2020.06.09"]
[Round "4"]
[White "LimeInTheCoconut"]
[Black "Pintacara"]
[Result "0-1"]
[WhiteElo "2456"]
[BlackElo "2335"]
[TimeControl "180+1"]
[EndTime "9:40:08 PDT"]
[Termination "Pintacara won on time"]

1. c4 e5 2. Nc3 Nc6 3. Nf3 g6 4. d4 exd4 5. Nxd4 Bg7 6. Nxc6 bxc6 7. Qd2 Nf6 8. e3 O-O 9. Be2 d5 10. O-O Be6 11. cxd5 cxd5 12. Rd1 c6 13. Na4 Ne4 14. Qe1 Qe7 15. f3 Nf6 16. Bd2 Rfb8 17. b3 Nd7 18. Rac1 c5 19. Bc3 Rc8 20. Bxg7 Kxg7 21.
Qc3+ Qf6 22. Qxf6+ Kxf6 23. Ba6 Rc7 24. Rd2 Ke5 25. Rdc2 Kd6 26. Kf2 f5 27. h4 Rb8 28.
Nc3 Rc6 29. Bb5 Rc7 30. Bxd7 Kxd7 31. Ne2 c4 32. Nd4 Rbc8 33. Kg3 Bf7 34. Kf4 Rb7 35.
h5 Kd6 36. hxg6 hxg6 37. Rc3 Rh8 38. Kg5 Rh2 39. R1c2 Rh1 40. Kf6 Rh7 41. g4 fxg4 42. fxg4 Bg8 43. Kg5 Bf7 44. Rf2 Re7 45. Rf6+ Ke5 46.
Ra6 Ke4 47. bxc4 dxc4 48. Ne2 Re5+ 49. Kf6 Bd5 0-1

[Event "*** SCC Grand Prix: Titled Tuesday Blitz"]
[Site "Chess.com"]
[Date "2020.06.09"]
[Round "4"]
[White "rpragchess"]
[Black "kleinebeer98"]
[Result "1-0"]
[WhiteElo "2845"]
[BlackElo "2656"]
[TimeControl "180+1"]
[EndTime "9:40:09 PDT"]
[Termination "rpragchess won by resignation"]

1. e4 e5 2. Nf3 Nc6 3. Bc4 Nf6 4.
d3 h6 5. O-O d6 6. c3 g5 7. Nbd2 g4 8. Nh4 Nxe4 9. Nxe4 Qxh4 10. f4 Be6 11. Bxe6 fxe6 12. fxe5 O-O-O 13. Bf4 Nxe5 14. Bxe5 dxe5 15. g3 Qh5 16. Qe2 Be7 17. Qf2 Kb8 18. Qf7 Qxf7 19. Rxf7 Bg5 20. Rd1 Rhf8 21. Rxf8 Rxf8 22. Kg2 b6 23. Re1 Rd8 24.
Nf2 h5 25. Rxe5 Bc1 26. Re2 c5 27. b3 Rd6 28. h3 gxh3+ 29. Kxh3 Kc7 30. Kh4 Rd5 31.
Rxe6 Bb2 32. c4 Rf5 33. Ne4 Rf3 34. Kxh5 Rxd3 35. g4 Kd7 36. Ng5 Bc1 37. Re2 Rg3 38.
Nf7 Be3 39. Kh4 Bf4 40. Re4 Bc7 41. g5 Rf3 42. g6 Rg3 43. Kh5 Bd6 44. Nxd6 Kxd6 45.
Re2 b5 46. Kh6 bxc4 47. bxc4 Kc6 48. g7 Kb6 49. Re6+ Ka5 50. Rg6 Rh3+ 51. Kg5 Rg3+ 52. Kf5 Rf3+ 53. Ke4 1-0

[Event "*** SCC Grand Prix: Titled Tuesday Blitz"]
[Site "Chess.com"]
[Date "2020.06.09"]
[Round "4"]
[White "thedjoker98"]
[Black "BocharovD"]
[Result "0-1"]
[WhiteElo "2540"]
[BlackElo "2741"]
[TimeControl "180+1"]
[EndTime "9:40:09 PDT"]
[Termination "BocharovD won by resignation"]

1. d4 Nf6 2. c4 e6 3. Nc3 Bb4 4. g3 O-O 5. Bg2 d6 6. Nf3 Bxc3+ 7. bxc3 Nc6 8. O-O e5 9. d5 Na5 10. Nd2 Bg4 11. f3 Bd7 12. e4 c6 13. Ba3 cxd5 14. cxd5 Bb5 15. Re1 Rc8 16. Rb1 Bd3 17. Rc1 Ba6 18.
Kh1 Qe7 19. Qa4 b6 20. Bb4 Nd7 21. Nb3 Bc4 22. Nxa5 bxa5 23. Qxa5 Nc5 24. Bh3 Rc7 25. Bxc5 Rxc5 26. Qa3 Qc7 27. Qb2 Ra5 28. a3 Rb8 29. Qa1 Rb3 30. Rc2 Raxa3 31. Qc1 h6 32. Qe3 Qb6 33. Qxb6 Rxb6 34. f4 Kf8 35. fxe5 dxe5 36. Rec1 Bd3 37. Rd2 Bxe4+ 38. Bg2 Bxg2+ 39. Kxg2 Ra5 40. c4 Rc5 41. Ra1 a5 42. d6 Ke8 43. d7+ Kd8 44.
Rda2 Ra6 45. Rd1 Ra7 46. Rf2 f6 47. Rfd2 Rxc4 48. Rd5 a4 49. Rb5 Rd4 50. Rb8+ Kxd7 0-1

[Event "*** SCC Grand Prix: Titled Tuesday Blitz"]
[Site "Chess.com"]
[Date "2020.06.09"]
[Round "4"]
[White "kingmonkey2006"]
[Black "Jumbo"]
[Result "1-0"]
[WhiteElo "2581"]
[BlackElo "2814"]
[TimeControl "180+1"]
[EndTime "9:40:10 PDT"]
[Termination "kingmonkey2006 won on time"]

1. e4 c5 2. Nf3 d6 3. d4 cxd4 4. Nxd4 Nf6 5. Nc3 Nc6 6. g3 e5 7.
Nde2 Bg4 8. Bg2 Nd4 9. Qd3 Nxe2 10. Nxe2 Rc8 11. O-O Qc7 12. Nc3 h6 13. Be3 a6 14. a4 Be7 15. f4 Be6 16. Qd2 Ng4 17. f5 Bc4 18. Rfe1 Nxe3 19. Qxe3 d5 20. Qf3 d4 21.
Nd5 Bxd5 22. exd5 O-O 23. Re2 Qb6 24. Qb3 Qxb3 25. cxb3 Bd6 26. Be4 Rc5 27. Kf1 Rfc8 28. Rd2 Kf8 29. Ke2 Ke7 30. Kd3 Kf6 31. Rad1 h5 32. h4 Ke7 33. Rf2 Kf6 34. Rfd2 R5c7 35. Rf1 Bb4 36. Rdf2 a5 37. Bf3 Rc1 38. Bxh5 e4+ 39.
Kxe4 Re8+ 40. Kxd4 Bc5+ 41. Kd3 Re3+ 42. Kd2 1-0

[Event "*** SCC Grand Prix: Titled Tuesday Blitz"]
[Site "Chess.com"]
[Date "2020.06.09"]
[Round "4"]
[White "CHESSMASTER759"]
[Black "DrBergerBerger"]
[Result "1-0"]
[WhiteElo "2604"]
[BlackElo "2431"]
[TimeControl "180+1"]
[EndTime "9:40:10 PDT"]
[Termination "CHESSMASTER759 won by resignation"]

1. e4 e6 2. d4 d5 3. Nc3 Nf6 4. e5 Nfd7 5. f4 c5 6. Nf3 Nc6 7. Be3 Be7 8. Qd2 O-O 9. dxc5 Qa5 10. O-O-O b6 11. Bb5 Nb4 12. Kb1 bxc5 13. a3 Rb8 14.
axb4 cxb4 15. Nxd5 exd5 16. Bxd7 Bxd7 17. Qxd5 Qxd5 18. Rxd5 Bc6 19. Rd2 a5 20. b3 Rfc8 21. Nd4 Be4 22. Kb2 f6 23. Ra1 Rc3 24. Bg1 fxe5 25. fxe5 Ra8 26. Nb5 Rac8 27. Nd4 R8c5 28. Re1 Bg6 29. g4 Bg5 30. Rde2 Bh4 31. Bf2 Bd8 32.
Nf5 Rc6 33. Rd2 Bg5 34. Rde2 h5 35. h4 Bf4 36. Ne7+ Kh7 37. Nxc6 Rxc6 38. e6 hxg4 39. e7 Be8 40. Rd1 Kg8 41. Rg1 Bh6 42. Rxg4 g6 43. Bd4 Kf7 44. Kb1 Rd6 45. Rge4 Rd5 46. Rf2+ Kg8 47.
Be3 Bg7 48. Rf1 Rf5 49. Rxf5 gxf5 50. Rf4 Bh6 51. Rxf5 1-0

[Event "*** SCC Grand Prix: Titled Tuesday Blitz"]
[Site "Chess.com"]
[Date "2020.06.09"]
[Round "4"]
[White "heartofatiger"]
[Black "BJthechessgod"]
[Result "1-0"]
[WhiteElo "2598"]
[BlackElo "2147"]
[TimeControl "180+1"]
[EndTime "9:40:12 PDT"]
[Termination "heartofatiger won on time"]

1. d4 Nf6 2. c4 e6 3. Nf3 b6 4. g3 Bb7 5. Bg2 Be7 6. O-O O-O 7. Nc3 d5 8. cxd5 Nxd5 9. Qb3 Nd7 10. Rd1 N7f6 11.
Bg5 Nxc3 12. bxc3 Ne4 13. Be3 Rb8 14. c4 Bf6 15. Rac1 Qe7 16. h4 c5 17. d5 exd5 18.
cxd5 Rfe8 19. Bf4 Rbd8 20. e3 h6 21. h5 Qd7 22. Nd2 Bxd5 23. Nxe4 Bxb3 24. Nxf6+ gxf6 25. Rxd7 Rxd7 26. axb3 Rd3 27. Rb1 Kg7 28. Bf1 Rd2 29. Kg2 Red8 30. Bc4 Rc2 31. e4 Rd4 32. Kf3 a5 33. Be3 Rd6 34. g4 a4 35. Bd5 a3 36.
Ra1 a2 37. b4 c4 38. b5 Rxd5 39.
exd5 c3 40. Bd4 Rd2 41. Bxc3 Rd3+ 42. Ke4 Rxc3 43. Rxa2 Rc4+ 44. Ke3 Rc5 45. Rd2 Rxb5 46. d6 Rb3+ 47. Rd3 Rb5 48. d7 Re5+ 49. Kf4 1-0

[Event "*** SCC Grand Prix: Titled Tuesday Blitz"]
[Site "Chess.com"]
[Date "2020.06.09"]
[Round "4"]
[White "silverback96"]
[Black "awesomevishesh"]
[Result "0-1"]
[WhiteElo "2185"]
[BlackElo "2422"]
[TimeControl "180+1"]
[EndTime "9:40:12 PDT"]
[Termination "awesomevishesh won by resignation"]

1. e4 c5 2. Nf3 d6 3. d4 cxd4 4. Nxd4 Nf6 5. Nc3 a6 6. Be3 e5 7.
Nb3 Be6 8. f3 h5 9. Qd2 Nbd7 10.
Nd5 Bxd5 11. exd5 g6 12. Na5 Qc7 13. c4 h4 14. Bd3 b6 15. Nc6 Nb8 16. Nxb8 Rxb8 17.
a4 a5 18. b4 Nd7 19. c5 dxc5 20. b5 c4 21. O-O cxd3 22. Rfc1 Bc5 23. Qxd3 O-O 24.
Kh1 Qd6 25. Bg5 h3 26. Rc4 Kg7 27. Re1 hxg2+ 28. Kxg2 Rh8 29. Rg4 Rh5 30. h4 Nf6 31. Bxf6+ Qxf6 32. Ree4 Rbh8 33. Qc4 Rd8 34. f4 exf4 35.
Rgxf4 Rf5 36. Rxf5 Qxf5 37. Rf4 Qe5 38. h5 Qxd5+ 39.
Qxd5 Rxd5 40. hxg6 fxg6 41. Re4 Kf7 42. Kf3 Rd3+ 43.
Ke2 Rd4 0-1

[Event "*** SCC Grand Prix: Titled Tuesday Blitz"]
[Site "Chess.com"]
[Date "2020.06.09"]
[Round "4"]
[White "KaterinaMiroshnik"]
[Black "CzechmVIII"]
[Result "1-0"]
[WhiteElo "2415"]
[BlackElo "2167"]
[TimeControl "180+1"]
[EndTime "9:40:12 PDT"]
[Termination "KaterinaMiroshnik won on time"]

1. d4 Nf6 2. c4 c5 3. Nf3 cxd4 4. Nxd4 e5 5. Nf3 Nc6 6. Nc3 Bb4 7. g3 Ne4 8. Qd3 Nc5 9. Qe3 e4 10. Nd4 O-O 11.
Bg2 f5 12. O-O Nxd4 13. Qxd4 Bxc3 14. Qxc3 Qf6 15. Qxf6 Rxf6 16. b3 b6 17. Bb2 Rf7 18.
Rad1 Bb7 19. Rd6 Bc6 20. Rfd1 a5 21. Ba3 Re8 22. Bxc5 bxc5 23. e3 a4 24. g4 fxg4 25. h3 axb3 26. axb3 g3 27. fxg3 Ra8 28. R6d2 Ra3 29.
Rb1 Rf8 30. h4 Kf7 31. Bh3 Ke7 32. Rbd1 Rd8 33. Rb2 Rb8 34. Rdb1 Rba8 35. Bf5 g6 36. Bg4 h6 37. Bd1 g5 38. hxg5 hxg5 39. Kg2 Ra2 40. Be2 Rxb2 41. Rxb2 Ra3 42. Kf2 d5 43. cxd5 Bxd5 44. Rc2 Rxb3 45. Rxc5 Be6 46. Rxg5 Rb2 47. Ke1 Rb1+ 48. Kf2 Rb2 49. Re5 Kd6 50. Rxe4 Bd5 51. Rd4 Ke5 52. g4 Bc6 53. Ke1 1-0